TOP OF THE 1ST |
Minnesota Death Stars batting - Pitching for Lee's Summit Tigers : LHP Craig Sturdy
|
Pitching: LHP Craig Sturdy
|
|
Batting: RHB José Pérez
|
0-0: Swinging Strike 0-1: Ball 1-1: Ball 2-1: SINGLE (Flyball, 6MD)
|
Batting: RHB Peter Dixon
|
0-0: Called Strike 0-1: Ball 1-1: Ball 2-1: Ball 3-1: Base on Balls José Pérez to second
|
Batting: LHB Chris Loudermilk
|
0-0: Ball 1-0: Called Strike 1-1: Foul Ball, location: 2F 1-2: Ball 2-2: Fielders Choice at 2nd, 1-4 (Groundball, 13S) José Pérez to third
|
Batting: RHB Herb Ashley
|
0-0: Ball 1-0: Ball 2-0: Fly out, F7 (Flyball, 7LMF) Runner from 3rd tags up, SCORES, no throw
|
Batting: RHB Jorge Martínez
|
0-0: Called Strike 0-1: Ball 1-1: Called Strike 1-2: Fielders Choice at 2nd, U4 (Groundball, 4M)
|
Top of the 1st over - 1 run(s), 1 hit(s), 0 error(s), 1 left on base; Minnesota 1 - Lee's Summit 0 |
BOTTOM OF THE 1ST |
Lee's Summit Tigers batting - Pitching for Minnesota Death Stars : RHP Júlio Ruíz
|
Pitching: RHP Júlio Ruíz
|
|
Batting: RHB Doug Delaney
|
0-0: Ball 1-0: Called Strike 1-1: Ball 2-1: Ball 3-1: Ground out 4-3 (Groundball, 34)
|
Batting: RHB James Stevens
|
0-0: Called Strike 0-1: Called Strike 0-2: Ball 1-2: Foul Ball, location: 2F 1-2: Ball 2-2: Ball 3-2: Strikes out swinging
|
Batting: RHB Ed Watkins
|
0-0: Ball 1-0: Called Strike 1-1: Ball 2-1: Ball 3-1: Base on Balls
|
Batting: RHB Desi Thompson
|
0-0: Ball 1-0: Called Strike 1-1: Ground out 4-3 (Groundball, 4)
|
Bottom of the 1st over - 0 run(s), 0 hit(s), 0 error(s), 1 left on base; Minnesota 1 - Lee's Summit 0 |
TOP OF THE 2ND |
Minnesota Death Stars batting - Pitching for Lee's Summit Tigers : LHP Craig Sturdy
|
Batting: RHB Miguel Hurtado
|
0-0: Ball 1-0: Called Strike 1-1: Ball 2-1: Swinging Strike 2-2: Ball 3-2: Foul Ball, location: 2F 3-2: Strikes out swinging
|
Batting: LHB Lucas Coleman
|
0-0: Called Strike 0-1: Ball 1-1: Ball 2-1: Ball 3-1: Called Strike 3-2: Foul Ball, location: 2F 3-2: Strikes out looking
|
Batting: RHB John Brown
|
0-0: Swinging Strike 0-1: Swinging Strike 0-2: Foul Ball, location: 2F 0-2: Ball 1-2: Foul Ball, location: 2F 1-2: Strikes out swinging
|
Top of the 2nd over - 0 run(s), 0 hit(s), 0 error(s), 0 left on base; Minnesota 1 - Lee's Summit 0 |
BOTTOM OF THE 2ND |
Lee's Summit Tigers batting - Pitching for Minnesota Death Stars : RHP Júlio Ruíz
|
Batting: RHB Carlos Flores
|
0-0: Ball 1-0: Foul Ball, location: 2F 1-1: Ball 2-1: Ball 3-1: Called Strike 3-2: Foul Ball, location: 2F 3-2: Strikes out swinging
|
Batting: LHB José López
|
0-0: Foul Ball, location: 2F 0-1: Foul Ball, location: 2F 0-2: Foul Ball, location: 2F 0-2: Strikes out swinging
|
Batting: RHB Flint Todd
|
0-0: Foul Ball, location: 2F 0-1: Swinging Strike 0-2: SINGLE (Line Drive, 6MD)
|
Batting: SHB Juan Glaviz
|
0-0: Ball Flint Todd is caught stealing 2nd base
|
Bottom of the 2nd over - 0 run(s), 1 hit(s), 0 error(s), 0 left on base; Minnesota 1 - Lee's Summit 0 |
TOP OF THE 3RD |
Minnesota Death Stars batting - Pitching for Lee's Summit Tigers : LHP Craig Sturdy
|
Batting: LHB Sixto Cortés
|
0-0: Called Strike 0-1: Ball 1-1: Swinging Strike 1-2: Foul Ball, location: 2F 1-2: Ball 2-2: Ball 3-2: Foul Ball, location: 2F 3-2: Strikes out swinging
|
Batting: RHB José Pérez
|
0-0: Called Strike 0-1: Ball 1-1: Swinging Strike 1-2: Strikes out swinging
|
Batting: RHB Peter Dixon
|
0-0: Ball 1-0: Foul Ball, location: 2F 1-1: Ball 2-1: Called Strike 2-2: Ball 3-2: Base on Balls
|
Batting: LHB Chris Loudermilk
|
0-0: Called Strike Throwing error on steal attempt, E2 Peter Dixon to third 0-1: Ball 1-1: Ground out 4-3 (Groundball, 4)
|
Top of the 3rd over - 0 run(s), 0 hit(s), 1 error(s), 1 left on base; Minnesota 1 - Lee's Summit 0 |
BOTTOM OF THE 3RD |
Lee's Summit Tigers batting - Pitching for Minnesota Death Stars : RHP Júlio Ruíz
|
Batting: SHB Juan Glaviz
|
0-0: Called Strike 0-1: Foul Ball, location: 2F 0-2: Ball 1-2: Foul Ball, location: 2F 1-2: Strikes out swinging
|
Batting: LHB Andrés Arredondo
|
0-0: Ball 1-0: Swinging Strike 1-1: Ball 2-1: Ball 3-1: Foul Ball, location: 2F 3-2: Foul Ball, location: 2F 3-2: Fly out, F4 (Popup, 4MD)
|
Batting: RHB Doug Delaney
|
0-0: Foul Ball, location: 2F 0-1: Ball 1-1: Ball 2-1: Called Strike 2-2: Ball 3-2: SINGLE (Groundball, 6MD) (infield hit)
|
Batting: RHB James Stevens
|
0-0: Ball 1-0: Ball 2-0: Swinging Strike 2-1: Ball 3-1: Foul Ball, location: 2F 3-2: Base on Balls Doug Delaney to second
|
Batting: RHB Ed Watkins
|
0-0: Ball 1-0: Ball 2-0: Swinging Strike 2-1: Ball 3-1: Base on Balls Doug Delaney to third James Stevens to second
|
Batting: RHB Desi Thompson
|
0-0: Called Strike 0-1: Foul Ball, location: 2F 0-2: Ball 1-2: SINGLE (Groundball, 34D) (infield hit) Doug Delaney scores James Stevens to third Ed Watkins to second
|
Batting: RHB Carlos Flores
|
0-0: Fly out, F5 (Popup, 5L)
|
Bottom of the 3rd over - 1 run(s), 2 hit(s), 0 error(s), 3 left on base; Minnesota 1 - Lee's Summit 1 |
TOP OF THE 4TH |
Minnesota Death Stars batting - Pitching for Lee's Summit Tigers : LHP Craig Sturdy
|
Batting: RHB Herb Ashley
|
0-0: Foul Ball, location: 2F 0-1: SINGLE (Flyball, 78S)
|
Batting: RHB Jorge Martínez
|
0-0: Ball
|
|
|
|
1-0: Ball 2-0: SINGLE (Line Drive, 9S) Herb Ashley to second Runner from 2nd tries for 3rd, SAFE, throw made to third
|
Batting: RHB Miguel Hurtado
|
0-0: DOUBLE (Line Drive, 9LM) Herb Ashley scores Jorge Martínez to third
|
Batting: LHB Lucas Coleman
|
0-0: Called Strike 0-1: Foul Ball, location: 2F 0-2: Foul Ball, location: 2F 0-2: Ball 1-2: Strikes out looking
|
Batting: RHB John Brown
|
0-0: Called Strike 0-1: Ball 1-1: Swinging Strike 1-2: SINGLE (Groundball, 56D) Jorge Martínez scores Miguel Hurtado to third
|
Batting: LHB Sixto Cortés
|
0-0: Called Strike 0-1: Foul Ball, location: 2F 0-2: Strikes out swinging
|
Batting: RHB José Pérez
|
0-0: Called Strike 0-1: Ball 1-1: Swinging Strike 1-2: Ground out 5-3 (Groundball, 5S)
|
Top of the 4th over - 2 run(s), 4 hit(s), 0 error(s), 2 left on base; Minnesota 3 - Lee's Summit 1 |
BOTTOM OF THE 4TH |
Lee's Summit Tigers batting - Pitching for Minnesota Death Stars : RHP Júlio Ruíz
|
Batting: LHB José López
|
0-0: SINGLE (Line Drive, 6)
|
Batting: RHB Flint Todd
|
0-0: Called Strike José López is caught stealing 2nd base 0-1: Ball 1-1: Fly out, F7 (Flyball, 78D)
|
Batting: SHB Juan Glaviz
|
0-0: SINGLE (Line Drive, 78S)
|
Batting: LHB Andrés Arredondo
|
0-0: Called Strike Juan Glaviz is caught stealing 2nd base
|
Bottom of the 4th over - 0 run(s), 2 hit(s), 0 error(s), 0 left on base; Minnesota 3 - Lee's Summit 1 |
TOP OF THE 5TH |
Minnesota Death Stars batting - Pitching for Lee's Summit Tigers : LHP Craig Sturdy
|
Batting: RHB Peter Dixon
|
0-0: Ball 1-0: Called Strike 1-1: Ball 2-1: Foul Ball, location: 2F 2-2: Ground out 3-1 (Groundball, 34)
|
Pitching: RHP Juan Vázquez
|
|
Batting: LHB Chris Loudermilk
|
0-0: Called Strike 0-1: Ball 1-1: Ball 2-1: Foul Ball, location: 2F 2-2: Strikes out swinging
|
Batting: RHB Herb Ashley
|
0-0: Ball 1-0: Ball 2-0: Fly out, F7 (Flyball, 7S)
|
Top of the 5th over - 0 run(s), 0 hit(s), 0 error(s), 0 left on base; Minnesota 3 - Lee's Summit 1 |
BOTTOM OF THE 5TH |
Lee's Summit Tigers batting - Pitching for Minnesota Death Stars : RHP Júlio Ruíz
|
Batting: LHB Andrés Arredondo
|
0-0: Ball 1-0: Ball 2-0: Foul Ball, location: 2F 2-1: SINGLE (Line Drive, 4M)
|
Batting: RHB Doug Delaney
|
0-0: Called Strike 0-1: Ball 1-1: Foul Ball, location: 2F 1-2: Fielders Choice at 2nd, 4-6 (Groundball, 4)
|
Batting: RHB James Stevens
|
0-0: Called Strike 0-1: Fly out, F3 (Popup, 2R)
|
Pitching: RHP Brian Smith
|
|
Batting: RHB Ed Watkins
|
0-0: Called Strike 0-1: DOUBLE (Line Drive, 89XD) Doug Delaney to third Runner from 3rd tries for Home, SAFE, no throw or cutoff
|
Batting: RHB Desi Thompson
|
0-0: Called Strike 0-1: Called Strike 0-2: Ball 1-2: Ball 2-2: Foul Ball, location: 2F 2-2: Ball 3-2: 2-RUN HOME RUN (Flyball, 7LD), Distance : 332 ft
|
Batting: RHB Carlos Flores
|
0-0: Ball 1-0: Swinging Strike 1-1: Called Strike 1-2: Ball 2-2: Ground out 6-3 (Groundball, 6M)
|
Bottom of the 5th over - 3 run(s), 3 hit(s), 0 error(s), 0 left on base; Minnesota 3 - Lee's Summit 4 |
TOP OF THE 6TH |
Minnesota Death Stars batting - Pitching for Lee's Summit Tigers : RHP Juan Vázquez
|
Batting: RHB Jorge Martínez
|
0-0: Ball 1-0: Ball 2-0: Foul Ball, location: 2F 2-1: Swinging Strike 2-2: DOUBLE (Groundball, 5L)
|
Batting: RHB Miguel Hurtado
|
0-0: Ball 1-0: Ground out 5-3 (Groundball, 5L)
|
Batting: LHB Lucas Coleman
|
0-0: Foul Ball, location: 2F 0-1: Foul Ball, location: 2F 0-2: Ball 1-2: Ball 2-2: Strikes out swinging
|
Batting: RHB John Brown
|
0-0: Ball 1-0: Ball 2-0: Ball 3-0: Called Strike 3-1: Foul Ball, location: 2F 3-2: Foul Ball, location: 2F 3-2: Ground out 5-3 (Groundball, 5)
|
Top of the 6th over - 0 run(s), 1 hit(s), 0 error(s), 1 left on base; Minnesota 3 - Lee's Summit 4 |
BOTTOM OF THE 6TH |
Lee's Summit Tigers batting - Pitching for Minnesota Death Stars : RHP Brian Smith
|
Batting: LHB José López
|
0-0: Foul Ball, location: 2F 0-1: SINGLE (Groundball, 34D)
|
Batting: RHB Flint Todd
|
0-0: Ball 1-0: Swinging Strike 1-1: Swinging Strike 1-2: Ball 2-2: Foul Ball, location: 2F 2-2: Ball 3-2: Base on Balls José López to second
|
Batting: SHB Juan Glaviz
|
0-0: Ball 1-0: Hit by Pitch José López to third Flint Todd to second
|
Batting: LHB Andrés Arredondo
|
0-0: Ball 1-0: Called Strike 1-1: Swinging Strike 1-2: Strikes out swinging
|
Batting: RHB Doug Delaney
|
0-0: Ball 1-0: Swinging Strike 1-1: Ball 2-1: Ball 3-1: Swinging Strike 3-2: Foul Ball, location: 2F 3-2: Base on Balls José López scores Flint Todd to third Juan Glaviz to second
|
Pitching: RHP Howard Jewel
|
|
Batting: RHB James Stevens
|
0-0: Foul Ball, location: 2F 0-1: Called Strike 0-2: Strikes out swinging
|
Batting: RHB Ed Watkins
|
0-0: Ball 1-0: Ball 2-0: Ball 3-0: Base on Balls Flint Todd scores Juan Glaviz to third Doug Delaney to second
|
Batting: RHB Desi Thompson
|
0-0: Ball 1-0: Foul Ball, location: 2F 1-1: Ball 2-1: Ball 3-1: Base on Balls Juan Glaviz scores Doug Delaney to third Ed Watkins to second
|
Batting: RHB Carlos Flores
|
0-0: Ball Wild Pitch! Doug Delaney scores Ed Watkins to third Desi Thompson to second 1-0: Foul Ball, location: 2F 1-1: Ball 2-1: Foul Ball, location: 2F 2-2: Fly out, F7 (Flyball, 78M)
|
Bottom of the 6th over - 4 run(s), 1 hit(s), 0 error(s), 2 left on base; Minnesota 3 - Lee's Summit 8 |
TOP OF THE 7TH |
Minnesota Death Stars batting - Pitching for Lee's Summit Tigers : RHP Juan Vázquez
|
Batting: LHB Sixto Cortés
|
0-0: Called Strike 0-1: Foul Ball, location: 2F 0-2: Foul Ball, location: 2F 0-2: Strikes out swinging
|
Pitching: RHP Bryan Allen
|
|
Batting: RHB José Pérez
|
0-0: Ball 1-0: Ball 2-0: SINGLE (Groundball, 56D)
|
Batting: RHB Peter Dixon
|
0-0: Ball 1-0: Ball 2-0: Foul Ball, location: 2F 2-1: Called Strike 2-2: Ball 3-2: Base on Balls José Pérez to second
|
Batting: LHB Chris Loudermilk
|
0-0: Foul Ball, location: 2F 0-1: Ball 1-1: SINGLE (Flyball, 7LS) José Pérez to third Peter Dixon to second Runner from 3rd tries for Home, SAFE, no throw or cutoff
|
Batting: RHB Herb Ashley
|
0-0: SINGLE (Groundball, 6MD) (infield hit) Peter Dixon to third Chris Loudermilk to second
|
Batting: RHB Jorge Martínez
|
0-0: Ball 1-0: Called Strike 1-1: Ball 2-1: Fly out, F7 (Flyball, 7LM) Runner from 3rd tags up, SCORES, no throw
|
Batting: RHB Miguel Hurtado
|
0-0: SINGLE (Line Drive, 8LS) Chris Loudermilk to third Herb Ashley to second Runner from 3rd tries for Home, SAFE, no throw or cutoff
|
Pitching: LHP Jorge Ybarra
|
|
Pinch Hitting: RHB Manny Clemente
|
0-0: Ball 1-0: Ball 2-0: Fly out, F6 (Line Drive, 6)
|
Top of the 7th over - 3 run(s), 4 hit(s), 0 error(s), 2 left on base; Minnesota 6 - Lee's Summit 8 |
BOTTOM OF THE 7TH |
Lee's Summit Tigers batting - Pitching for Minnesota Death Stars : RHP Howard Jewel
|
Now in CF: Manny Clemente
|
|
Batting: LHB José López
|
0-0: Called Strike 0-1: Fly out, F7 (Flyball, 78M)
|
Batting: RHB Flint Todd
|
0-0: Ball 1-0: Foul Ball, location: 2F 1-1: Called Strike 1-2: Ball 2-2: Foul Ball, location: 2F 2-2: Strikes out looking
|
Batting: SHB Juan Glaviz
|
0-0: Ball 1-0: Ball 2-0: Ball 3-0: Base on Balls
|
Batting: LHB Andrés Arredondo
|
0-0: Foul Ball, location: 2F 0-1: Ball 1-1: Ball 2-1: Swinging Strike 2-2: Strikes out swinging
|
Bottom of the 7th over - 0 run(s), 0 hit(s), 0 error(s), 1 left on base; Minnesota 6 - Lee's Summit 8 |
TOP OF THE 8TH |
Minnesota Death Stars batting - Pitching for Lee's Summit Tigers : LHP Jorge Ybarra
|
Batting: RHB John Brown
|
0-0: Called Strike 0-1: Fly out, F9 (Popup, 89S)
|
Batting: LHB Sixto Cortés
|
0-0: Called Strike 0-1: Foul Ball, location: 2F 0-2: Foul Ball, location: 2F 0-2: Ball 1-2: Foul Ball, location: 2F 1-2: Fly out, F7 (Flyball, 7M)
|
Batting: RHB José Pérez
|
0-0: Called Strike 0-1: Foul Ball, location: 2F 0-2: Ball 1-2: Strikes out swinging
|
Top of the 8th over - 0 run(s), 0 hit(s), 0 error(s), 0 left on base; Minnesota 6 - Lee's Summit 8 |
BOTTOM OF THE 8TH |
Lee's Summit Tigers batting - Pitching for Minnesota Death Stars : RHP Howard Jewel
|
Batting: RHB Doug Delaney
|
0-0: Ground out 5-3 (Groundball, 56S)
|
Pitching: RHP Ángel Uribe
|
|
Batting: RHB James Stevens
|
0-0: Ball 1-0: Ball 2-0: Ball 3-0: Called Strike 3-1: Ground out 5-3 (Groundball, 56S)
|
Batting: RHB Ed Watkins
|
0-0: Ball 1-0: Called Strike 1-1: Fly out, F8 (Flyball, 8RM)
|
Bottom of the 8th over - 0 run(s), 0 hit(s), 0 error(s), 0 left on base; Minnesota 6 - Lee's Summit 8 |
TOP OF THE 9TH |
Minnesota Death Stars batting - Pitching for Lee's Summit Tigers : LHP Jorge Ybarra
|
Pitching: RHP Augusto Pérez
|
|
Batting: RHB Peter Dixon
|
0-0: Swinging Strike 0-1: Ball 1-1: Swinging Strike 1-2: Foul Ball, location: 2F 1-2: Ball 2-2: Ball 3-2: Base on Balls
|
Batting: LHB Chris Loudermilk
|
0-0: Foul Ball, location: 2F 0-1: Ball 1-1: Ball 2-1: Ball 3-1: Grounds into double play, 4-6-3 (Groundball, 4)
|
Batting: RHB Herb Ashley
|
0-0: Ball 1-0: Swinging Strike 1-1: Fly out, F7 (Flyball, 7S)
|
Top of the 9th over - 0 run(s), 0 hit(s), 0 error(s), 0 left on base; Minnesota 6 - Lee's Summit 8 |
|
|